 Dungeon Sprint DCSS version 0.23.0-3-gf3c87f2 (webtiles) character file.

Game seed: 15966422755844502870

33400000 nuthulu the Conqueror (level 27, 323/323 HPs)
             Began as a Demonspawn Fighter on Feb 24, 2019.
             Was the Champion of Makhleb.
             Escaped with the Orb!
             The game lasted 00:04:36 (167 turns).

nuthulu the Conqueror (Demonspawn Fighter)           Turns: 167, Time: 00:04:36

Health: 323/323    AC: 17    Str: 32    XL:     27
Magic:  54/54      EV: 30    Int: 10    God:    Makhleb [******]
Gold:   0          SH:  0    Dex: 15    Spells: 80/80 levels left

rFire    . . .     SeeInvis .   l - +∞ Axe of Woe
rCold    . . .     Gourm    .   (shield currently unavailable)
rNeg     . . .     Faith    .   b - +0 scale mail
rPois    +         Spirit   .   (no helmet)
rElec    .         Reflect  .   (no cloak)
rCorr    .         Harm     .   (gloves unavailable)
MR       ++...     NoTele   +   (no boots)
Stlth    +++.......             (no amulet)
HPRegen  0.63/turn              (no ring)
MPRegen  0.34/turn              (no ring)

@: mighty
A: claws 3, slimy green scales 3, demonic guardian 3, powered by pain 3, robust
3
0: Orb of Zot
a: Minor Destruction, Lesser Servant of Makhleb, Major Destruction, Greater
Servant of Makhleb, Renounce Religion


You escaped.
You worshipped Makhleb.
Makhleb was exalted by your worship.
You were not hungry.

You visited 1 branch

Inventory:

Hand Weapons
 a - a +0 war axe
 l - the +∞ Axe of Woe (weapon)
   (You found it in the Dungeon)
Armour
 b - a +0 scale mail (worn)
 c - a +0 shield
Scrolls
 k - a scroll of blinking
Potions
 d - a potion of might
 e - a potion of curing
 g - a potion of heal wounds
 h - a potion of haste
 i - 2 potions of magic
 j - a potion of berserk rage
Comestibles
 f - a ration


   Skills:
 O Level 27 Fighting
 O Level 27 Axes
 O Level 27 Throwing
 O Level 27 Armour
 O Level 27 Dodging
 O Level 27 Stealth
 O Level 27 Shields
 O Level 27 Unarmed Combat
 O Level 27 Spellcasting
 O Level 27 Invocations


You had 80 spell levels left.
You didn't know any spells.
Your spell library was empty.

Dungeon Overview and Level Annotations

Branches:
Dungeon (1/1)

Altars:
Makhleb


Innate Abilities, Weirdness & Mutations

You have claws for hands.
You are completely covered in slimy green scales. (AC +4, rPois)
A powerful demonic guardian rushes to your aid.
You are powered by pain.
You are extremely robust. (+30% HP)


Message History

You dice the meat berserker like an onion!!!
You slaughter the meat berserker joyfully.
You kill the meat berserker!
Makhleb accepts your kill.
You slice the destroyer!!
You fatally mangle the destroyer.
You destroy the destroyer!
Makhleb accepts your kill.
You hear a shout!
A bag of meat comes into view. It is wielding a +9 war axe.
The bag of meat is engulfed in blazing flames.
The bag of meat hits your balrug with a +9 war axe!!!
Your balrug hits the bag of meat with a +0 demon whip!
The bag of meat is engulfed in flames!!
Unknown command.
The bag of meat is engulfed in blazing flames.
Your balrug gestures at the bag of meat.
The sticky flame hits the bag of meat!
The bag of meat is covered in liquid flames!
You hear a shout!
You have escaped!

...................
#..............o...
.#........#...o...#
....#.....#.o...o.#
.#.....).##..o...%###o
......)))))o)###%..o..
.....#))))§o§o_......
...#..))))§°2oo.o#..
#......).))#§)@._#
...#....))%#)%)..#
.....#.%.))..._......
........%%)).###......
.......%###.......###.
......... #.......#
....... #.......#
#...... .........
#.#.. ........


You could see 10 bags of meat and a friendly balrug.

Vanquished Creatures
  Dispater (D)
  4 vampire knights (D)
  21 ogres (D)
  4 two-headed ogres (D)
  96 orcs (D)
126 creatures vanquished.

Notes
Turn   | Place    | Note
-------+----------+-------------------------------------------
     0 | D        | Found the +∞ Axe of Woe
     0 | D        | nuthulu the Demonspawn Fighter began the quest for the Orb.
     0 | D        | Reached XP level 1. HP: 18/18 MP: 1/1
     2 | D        | Noticed a bag of meat
     2 | D        | Noticed a bag of meat
     3 | D        | Noticed a bag of meat
     3 | D        | Noticed a bag of meat
     4 | D        | Noticed a bag of meat
     5 | D        | Noticed a bag of meat
     9 | D        | Killed a bag of meat
     9 | D        | Gained mutation: You sometimes gain a little power by
                  | taking damage. [demonic ancestry]
     9 | D        | Reached XP level 2. HP: 46/46 MP: 2/2
     9 | D        | Reached XP level 3. HP: 52/52 MP: 3/3
     9 | D        | Gained mutation: You are partially covered in slimy green
                  | scales. (AC +2) [demonic ancestry]
     9 | D        | Reached XP level 4. HP: 59/59 MP: 4/4
     9 | D        | Gained mutation: A weak demonic guardian rushes to your
                  | aid. [demonic ancestry]
     9 | D        | Reached XP level 5. HP: 65/65 MP: 5/5
     9 | D        | Gained mutation: You are mostly covered in slimy green
                  | scales. (AC +3) [demonic ancestry]
     9 | D        | Reached XP level 6. HP: 72/72 MP: 6/6
     9 | D        | Reached XP level 7. HP: 79/79 MP: 7/7
     9 | D        | Reached XP level 8. HP: 86/86 MP: 8/8
     9 | D        | Gained mutation: You have sharp fingernails. [demonic
                  | ancestry]
     9 | D        | Reached XP level 9. HP: 92/92 MP: 9/9
     9 | D        | Reached XP level 10. HP: 99/99 MP: 10/10
     9 | D        | Gained mutation: You have very sharp fingernails. [demonic
                  | ancestry]
     9 | D        | Reached XP level 11. HP: 105/105 MP: 11/11
    10 | D        | Became a worshipper of Makhleb the Destroyer
    11 | D        | Killed a bag of meat
    11 | D        | Reached skill level 10 in Axes
    11 | D        | Gained mutation: You have claws for hands. [demonic
                  | ancestry]
    11 | D        | Reached XP level 12. HP: 44/117 MP: 12/12
    11 | D        | Killed a bag of meat
    11 | D        | Reached * piety under Makhleb
    11 | D        | Gained mutation: A demonic guardian rushes to your aid.
                  | [demonic ancestry]
    11 | D        | Reached XP level 13. HP: 48/127 MP: 13/13
    11 | D        | Noticed a bag of meat
    12 | D        | Killed a bag of meat
    12 | D        | Reached XP level 14. HP: 100/138 MP: 14/14
    12 | D        | Killed a bag of meat
    14 | D        | Killed a bag of meat
    14 | D        | Reached ** piety under Makhleb
    14 | D        | Reached XP level 15. HP: 107/149 MP: 15/15
    16 | D        | Noticed a meat berserker
    17 | D        | Reached skill level 15 in Axes
    17 | D        | Reached skill level 5 in Invocations
    20 | D        | Reached skill level 5 in Unarmed Combat
    20 | D        | Reached skill level 5 in Spellcasting
    21 | D        | Killed a meat berserker
    21 | D        | Reached *** piety under Makhleb
    21 | D        | Reached XP level 16. HP: 160/160 MP: 15/28
    22 | D        | Noticed a meat berserker
    23 | D        | Noticed a meat berserker
    26 | D        | Killed a meat berserker
    26 | D        | Reached skill level 10 in Throwing
    26 | D        | Reached skill level 10 in Dodging
    26 | D        | Reached skill level 10 in Unarmed Combat
    26 | D        | Reached skill level 10 in Spellcasting
    26 | D        | Gained mutation: A powerful demonic guardian rushes to your
                  | aid. [demonic ancestry]
    26 | D        | Reached XP level 17. HP: 169/169 MP: 16/31
    28 | D        | Killed a meat berserker
    28 | D        | Reached **** piety under Makhleb
    29 | D        | Reached XP level 18. HP: 179/179 MP: 17/34
    31 | D        | Reached skill level 15 in Stealth
    32 | D        | Noticed a meat berserker
    38 | D        | Killed a meat berserker
    38 | D        | Reached ***** piety under Makhleb
    38 | D        | Reached skill level 27 in Fighting
    38 | D        | Reached skill level 15 in Throwing
    38 | D        | Reached skill level 15 in Dodging
    38 | D        | Reached skill level 15 in Unarmed Combat
    38 | D        | Reached XP level 19. HP: 189/189 MP: 19/37
    38 | D        | Reached skill level 15 in Spellcasting
    39 | D        | Noticed a meat berserker
    44 | D        | Killed a meat berserker
    44 | D        | Reached XP level 20. HP: 197/197 MP: 21/41
    45 | D        | Noticed a meat berserker
    47 | D        | Reached ****** piety under Makhleb
    48 | D        | Noticed a meat berserker
    48 | D        | Noticed a destroyer
    49 | D        | Killed a meat berserker
    49 | D        | Gained mutation: You are completely covered in slimy green
                  | scales. (AC +4, rPois) [demonic ancestry]
    49 | D        | Reached XP level 21. HP: 204/204 MP: 22/44
    49 | D        | Reached skill level 27 in Shields
    49 | D        | Reached skill level 27 in Armour
    52 | D        | Noticed a large bag of meat
    53 | D        | Reached skill level 27 in Axes
    53 | D        | Reached skill level 27 in Invocations
    56 | D        | Gained mutation: You are robust. (+10% HP) [demonic
                  | ancestry]
    56 | D        | Reached XP level 22. HP: 204/233 MP: 24/48
    56 | D        | Killed a destroyer
    59 | D        | Reached skill level 27 in Stealth
    59 | D        | Killed a large bag of meat
    59 | D        | Reached XP level 23. HP: 240/240 MP: 25/52
    70 | D        | Reached skill level 27 in Throwing
    70 | D        | Reached skill level 27 in Dodging
    70 | D        | Reached skill level 27 in Unarmed Combat
    70 | D        | Reached skill level 27 in Spellcasting
    71 | D        | Noticed a destroyer
    76 | D        | Killed a destroyer
    76 | D        | Gained mutation: You are very robust. (+20% HP) [demonic
                  | ancestry]
    76 | D        | Reached XP level 24. HP: 240/272 MP: 30/54
    77 | D        | Noticed a large bag of meat
    83 | D        | Gained mutation: You are extremely robust. (+30% HP)
                  | [demonic ancestry]
    83 | D        | Reached XP level 25. HP: 272/304 MP: 32/54
    91 | D        | Killed a large bag of meat
    91 | D        | Gained mutation: You sometimes gain power by taking damage.
                  | [demonic ancestry]
    91 | D        | Reached XP level 26. HP: 314/314 MP: 45/54
    96 | D        | Gained mutation: You are powered by pain. [demonic
                  | ancestry]
    96 | D        | Reached XP level 27. HP: 323/323 MP: 46/54
   106 | D        | Noticed a large bag of meat
   114 | D        | Killed a large bag of meat
   127 | D        | Noticed a destroyer
   129 | D        | Killed a destroyer
   143 | D        | Noticed a large bag of meat
   149 | D        | Noticed The Meatlord
   149 | D        | Noticed a destroyer
   155 | D        | Killed a large bag of meat
   155 | D        | HP: 14/323 [large bag of meat/exploding inner flame (6)]
   156 | D        | Killed The Meatlord
   157 | D        | Got the Orb of Zot
   165 | D        | Killed a destroyer
   167 | D        | Escaped with the Orb!

Skill      XL: |  1  2  3  4  5  6  7  8  9 10 11 12 13 14 15 16 17 18 19 20 21 22 23 |
---------------+----------------------------------------------------------------------+-----
Fighting       | 16 18 20 21 23 24 25 26 27 | 27.0
Axes           | 9 10 11 12 14 16 17 18 20 22 25 27 | 27.0
Armour         | 14 16 18 19 20 22 23 24 25 26 27 | 27.0
Shields        | 14 16 17 19 20 22 23 24 25 26 27 | 27.0
Throwing       | 8 10 13 15 18 20 23 26 27 | 27.0
Dodging        | 8 10 13 15 18 20 23 26 27 | 27.0
Stealth        | 9 11 14 16 19 21 24 27 | 27.0
Unarmed Combat | 8 10 12 15 17 19 22 26 27 | 27.0
Spellcasting   | 8 10 12 14 17 19 22 25 27 | 27.0
Invocations    | 11 13 17 19 23 25 27 | 27.0

Action                   |  1- 3 |  4- 6 |  7- 9 | 10-12 | 13-15 | 16-18 | 19-21 | 22-24 | 25-27 || total
-------------------------+-------+-------+-------+-------+-------+-------+-------+-------+-------++-------
Melee: Executioner's axe |     1 |       |       |     1 |     5 |     7 |    10 |    12 |    44 ||    80
Invok: Major Destruction |       |       |       |       |       |       |       |       |     2 ||     2
       Greater Servant o |       |       |       |       |       |       |       |       |     1 ||     1
 Stab: Distracted        |       |       |       |       |       |       |       |     2 |     1 ||     3
Armor: Scale mail        |       |       |       |       |       |     1 |       |     1 |     2 ||     4
Dodge: Dodged            |       |       |       |       |       |       |     1 |     2 |     5 ||     8
